 Dungeon Crawl Stone Soup version 0.18.1-50-g88ac8fd (webtiles) character file.

77 Wizdude the Conjurer (level 4, -5/24 HPs)
             Began as a Deep Elf Conjurer on Apr 16, 2018.
             Killed from afar by an orc wizard (8 damage)
             ... with a magic dart
             ... on level 2 of the Dungeon.
             The game lasted 00:09:53 (1147 turns).

Wizdude the Conjurer (Deep Elf Conjurer)            Turns: 1147, Time: 00:09:53

Health: -5/24      AC:  2    Str:  5    XL:     4   Next: 13%
Magic:  12/12      EV: 12    Int: 21    God:
Gold:   34         SH:  0    Dex: 15    Spells: 2 memorised, 8 levels left

rFire  + . .     SeeInvis .     g - +0 dagger
rCold  + . .     Gourm    .     a - +0 robe
rNeg   . . .     Faith    .     (no shield)
rPois  +         Spirit   .     (no helmet)
rElec  +         Dismiss  .     (no cloak)
rCorr  +         Reflect  .     (no gloves)
SustAt .         Harm     .     (no boots)
MR     .....                    (no amulet)
Stlth  ++........               (no ring)
                                (no ring)

@: resistant, very slightly contaminated, hasted, drained, very quick, not
resistant to hostile enchantments, unstealthy
A: no striking features
a: no special abilities


You were on level 2 of the Dungeon.
You were hungry.

You visited 1 branch of the dungeon, and saw 3 of its levels.

You collected 34 gold pieces.

Inventory:

Hand Weapons
 g - a +0 dagger (weapon)
Armour
 a - a +0 robe (worn)
 l - a +0 buckler
Scrolls
 d - 2 scrolls of identify {unknown}
 e - a scroll of random uselessness {unknown}
 h - 3 scrolls of amnesia {unknown}
 o - a scroll of teleportation {unknown}
Potions
 m - a potion of curing {unknown}
Books
 b - a book of Conjurations

   Spells                             Type                      Level
   a - Magic Dart                     Conjuration                  1
   b - Searing Ray                    Conjuration                  2
   c - Dazzling Spray                 Conjuration/Hexes            3
   d - Fulminant Prism                Conjuration/Hexes            4
   e - Iskenderun's Mystic Blast      Conjuration                  4
   f - Iskenderun's Battlesphere      Conjuration/Charms           5
Comestibles
 c - a bread ration
 f - 3 chunks of flesh
 n - a meat ration


   Skills:
 - Level 2.4(1.5) Dodging
 - Level 2.4(1.5) Stealth
 + Level 4.3(3.4) Spellcasting
 * Level 5.6(4.6) Conjurations


You had 8 spell levels left.
You knew the following spells:

 Your Spells              Type           Power        Failure   Level  Hunger
a - Magic Dart            Conj           ###.         1%          1    None
b - Searing Ray           Conj           ###...       2%          2    ##.....


Dungeon Overview and Level Annotations

Branches:
Dungeon (3/15)

Altars:
Ashenzari
Gozag
Makhleb
Nemelex Xobeh
Okawaru


Message History

You climb upwards.
There is a stone staircase leading down here.
The orc wizard casts a spell.
The orc wizard blinks!
The orc wizard casts a spell at you. The magic dart hits you!
* * * LOW HITPOINT WARNING * * *
Drink which item? (? for menu, Esc to quit)
It was a potion of haste.
You feel yourself speed up.
The orc wizard casts a spell.
The orc wizard blinks!
You are very lightly contaminated with residual magic.
Drink which item? (? for menu, Esc to quit)
It was a potion of magic.
Magic courses through your body.
Drink which item? (? for menu, Esc to quit)
It was a potion of resistance.
You feel protected.
The orc wizard gestures at you while chanting.
The magic dart hits you!
You die...

###.#....#####.## #.#
......##...##..# #.#
....######.##.>## #)#
###.....##......# #.#
......#.#####.#.##### #.#
..........#.........###.#
......#.....####o##.....#
.......##...####.######.#
......>####.....@# #.#
..<....# #.###### ###
.......# ### .......#
......## ......##
.).....# .รท.....#
)......#


You could see an orc wizard.

Vanquished Creatures
  3 adders
  A dart slug (D:2)
  4 giant geckos (D:2)
  An orc (D:3)
  4 giant cockroaches
  6 goblins
  6 hobgoblins (D:2)
  3 jackals (D:2)
  2 kobolds (D:1)
  2 quokkas (D:2)
  A ball python (D:1)
  2 giant newts (D:2)
  3 rats (D:1)
38 creatures vanquished.

Notes
Turn   | Place    | Note
--------------------------------------------------------------
     0 | D:1      | Wizdude the Deep Elf Conjurer began the quest for the Orb.
     0 | D:1      | Reached XP level 1. HP: 10/10 MP: 6/6
   125 | D:1      | Reached XP level 2. HP: 15/15 MP: 4/8
   417 | D:2      | Reached skill level 5 in Conjurations
   443 | D:2      | Noticed Natasha
   451 | D:2      | Noticed a crimson imp
   476 | D:2      | Learned a level 2 spell: Searing Ray
   573 | D:2      | Reached XP level 3. HP: 19/19 MP: 8/10
   771 | D:2      | Found a burning altar of Makhleb.
   784 | D:2      | Found a sparkling altar of Nemelex Xobeh.
   785 | D:2      | Found an iron altar of Okawaru.
   788 | D:2      | Found a shattered altar of Ashenzari.
   791 | D:2      | Found an opulent altar of Gozag.
  1102 | D:3      | Reached XP level 4. HP: 24/24 MP: 8/12
  1147 | D:2      | Killed from afar by an orc wizard

Skill      XL: |  1  2  3 |
---------------+----------+-----
Conjurations   | 5 |  5.6
Spellcasting   | 4 |  4.3
Dodging        | |  2.4
Stealth        | |  2.4

Action                   |  1- 3 |  4- 6 || total
-------------------------+-------+-------++-------
Melee: Dagger            |     4 |       ||     4
 Cast: Magic Dart        |    72 |    11 ||    83
  Use: Potion            |       |     3 ||     3
Armor: Robe              |       |     1 ||     1
Dodge: Dodged            |     6 |     1 ||     7
